Map: Last Remnant

Players

sadam

  • Race: Protoss Protoss
  • Spawn Location: 12:00

MooEsqoo

  • Race: Protoss Protoss
  • Spawn Location: 12:00

jendouba

  • Race: Protoss Protoss
  • Spawn Location: 3:00

cloudlar

  • Race: Terran Terran
  • Spawn Location: 1:00

Sandude

  • Race: Terran Terran
  • Spawn Location: 6:00

GAGARIN

  • Race: Terran Terran
  • Spawn Location: 9:00

zeiZe

  • Race: Protoss Protoss
  • Spawn Location: 6:00

CoSysopK

  • Race: Terran Terran
  • League: Diamond
  • Spawn Location: 7:00

VOD

Have the link to the VOD?

Description

Time

  • Played on: Nov. 15, 2019, 7:59 p.m.
  • Length: 11:45
Show
View Real Time Build Order
Export as new Build Order

sadam Protoss 

Build Orders:  

Get SALT Encoding   

  12  0:01  Probe  
  13  0:13  Probe  
  14  0:18  Pylon  
  14  0:36  Probe  
  15  1:03  Probe  
  12  1:14  Gateway  
  12  1:15  Probe  
  11  1:28  Probe  
  12  1:40  Probe  
  10  1:52  Probe  
  9  2:04  Probe  
  10  2:16  Probe  
  11  2:28  Probe  
  11  2:29  Cybernetics Core  
  12  2:34  Assimilator  
  12  2:44  Probe  
  13  2:56  Probe  
  14  3:15  Nexus  
  14  3:35  Probe  
  15  3:43  Assimilator  
  15  3:47  Probe  
  16  3:59  Probe  
  17  4:11  Probe  
  18  4:23  Probe  
  18  4:24  Assimilator  
  19  4:28  Assimilator  
  19  4:32  Probe  
  19  4:33  Nexus  
  19  4:35  Probe  
  16  5:45  Nexus  
  16  5:52  Pylon  
  16  6:30  Probe  
  17  6:43  Probe  
  17  6:54  Forge  
  12  7:12  Probe  
  12  7:42  Cybernetics Core  
  11  7:45  Probe  
  11  7:49  Probe  
  13  7:57  Probe  
  14  8:01  Probe  
  15  8:09  Probe  
  16  8:13  Probe  
  17  8:20  Pylon  
  17  8:21  Probe  
  17  8:23  Pylon  
  17  8:25  Probe  
  19  8:33  Probe  
  20  8:37  Probe  
  20  8:49  Probe  
  21  9:02  Nexus  
  21  9:04  Assimilator  
  21  9:05  Probe  
  22  9:13  Probe  
  23  9:17  Probe  
  23  9:20  Assimilator  
  24  9:25  Assimilator, Probe, Photon Cannon  
  24  9:29  Probe  
  26  9:36  Assimilator  
  26  9:41  Probe  
  27  9:46  Probe  
  28  9:54  Probe  
  28  9:58  Stargate, Probe  
  30  10:06  Probe  
  30  10:07  Zealot  
  33  10:10  Probe  
  34  10:23  Probe  
  35  10:28  Probe  
  35  10:35  Probe  
  37  10:38  Probe  
  37  10:40  Probe  
  39  10:47  Fleet Beacon, Probe  
  40  10:51  Void Ray, Probe  
  40  10:52  Zealot  
  40  10:53  Probe  
  48  10:59  Probe  
  48  11:03  Probe  
  50  11:05  Probe  
  51  11:11  Probe  
  51  11:17  Probe  
  53  11:24  Photon Cannon  
  53  11:31  Photon Cannon  
Show
View Real Time Build Order
Export as new Build Order

MooEsqoo Protoss 

Build Orders:  

Get SALT Encoding   

  12  0:02  Probe  
  13  0:15  Probe  
  13  0:19  Pylon  
  14  0:30  Probe  
  15  0:42  Probe  
  11  0:56  Probe  
  12  1:15  Probe  
  13  1:27  Probe  
  13  1:29  Gateway  
  14  1:37  Assimilator  
  14  1:39  Probe  
  15  1:52  Probe  
  16  2:06  Probe  
  17  2:15  Zealot (Chrono Boost)  
  17  2:17  Cybernetics Core  
  17  2:18  Probe  
  20  2:23  Assimilator  
  20  2:30  Probe  
  20  2:34  Zealot  
  23  3:17  Nexus  
  23  3:31  Pylon  
  23  3:34  Pylon  
  23  3:47  Stalker (Chrono Boost)  
  23  3:49  Probe  
  26  4:00  Robotics Facility  
  26  4:01  Probe  
  27  4:09  Gateway  
  27  4:13  Gateway  
  27  4:14  Stalker (Chrono Boost)  
  29  4:29  Probe  
  24  4:57  Stalker  
  24  4:59  Immortal (Chrono Boost)  
  26  5:04  Stalker  
  32  5:08  Stalker  
  32  5:12  Probe  
  31  5:30  Shield Battery  
  31  5:32  Shield Battery  
  27  5:49  Immortal (Chrono Boost)  
  31  5:59  Stalker  
  31  6:02  Probe  
  34  6:14  Probe  
  35  6:49  Stalker (Chrono Boost)  
  39  6:55  Stalker (Chrono Boost)  
  39  6:57  Pylon  
  39  6:58  Pylon  
  39  7:00  Pylon  
  39  7:15  Probe  
  42  7:17  Stalker (Chrono Boost)  
  40  7:48  Stalker  
  40  7:50  Stalker (Chrono Boost)  
  44  7:52  Stalker (Chrono Boost)  
  46  8:01  Observer  
  47  8:11  Probe  
  48  8:14  Nexus  
  48  8:18  Sentry (Chrono Boost)  
  50  8:23  Probe  
  55  8:27  Sentry (Chrono Boost)  
  55  8:28  Stalker (Chrono Boost)  
  55  8:37  Forge  
  55  8:46  Pylon  
  55  8:56  Stalker  
  55  8:57  Stalker  
  59  9:04  Shield Battery  
  59  9:06  Shield Battery  
  59  9:09  Assimilator  
  59  9:12  Stalker  
  59  9:13  Warp Gate (Chrono Boost)  
  61  9:22  Pylon  
  61  9:27  Probe (Chrono Boost)  
  62  9:37  Probe (Chrono Boost)  
  63  9:42  Probe (Chrono Boost)  
  63  9:45  Stalker  
  51  10:31  Probe  
  48  10:39  Stalker  
  48  10:41  Stalker  
  45  10:43  Probe  
  45  10:55  Probe  
Show
View Real Time Build Order
Export as new Build Order

jendouba Protoss 

Build Orders:  

Get SALT Encoding   

  12  0:18  Pylon  
  12  0:19  Probe (Chrono Boost)  
  13  0:30  Probe (Chrono Boost)  
  14  0:40  Pylon  
  14  0:57  Pylon  
  14  1:22  Pylon  
  14  1:28  Gateway  
  14  1:34  Forge  
  14  1:40  Assimilator  
  14  1:44  Probe (Chrono Boost)  
  14  1:46  Assimilator  
  16  1:54  Probe (Chrono Boost)  
  16  1:59  Probe (Chrono Boost)  
  17  2:10  Probe (Chrono Boost)  
  18  2:22  Probe (Chrono Boost)  
  19  2:26  Probe (Chrono Boost)  
  20  2:35  Photon Cannon  
  20  2:37  Probe  
  21  2:39  Photon Cannon  
  21  2:49  Probe  
  22  2:54  Pylon  
  22  3:01  Probe  
  23  3:07  Cybernetics Core  
  23  3:13  Probe  
  24  3:25  Probe  
  25  3:28  Zealot  
  27  3:37  Photon Cannon  
  27  3:48  Protoss Shields Level 1, Photon Cannon  
  27  3:54  Pylon  
  27  4:00  Shield Battery  
  27  4:01  Protoss Air Weapons Level 1  
  27  4:33  Stargate  
  27  4:41  Zealot  
  29  4:54  Pylon  
  29  5:08  Zealot  
  29  5:10  Stargate  
  31  5:16  Stargate  
  31  5:35  Zealot  
  29  5:36  Void Ray  
  12  6:36  Probe (Chrono Boost)  
  12  6:46  Probe (Chrono Boost)  
  13  6:51  Probe (Chrono Boost)  
  15  7:02  Probe (Chrono Boost)  
  15  7:08  Probe (Chrono Boost)  
  16  7:16  Probe  
  17  7:24  Void Ray  
  17  7:31  Zealot  
  17  7:35  Pylon, Probe (Chrono Boost)  
  14  7:51  Probe (Chrono Boost)  
  15  8:02  Probe (Chrono Boost)  
  18  8:07  Probe (Chrono Boost)  
  17  8:18  Probe  
  18  8:30  Probe  
  19  8:42  Probe  
  20  8:50  Void Ray  
  20  8:54  Probe (Chrono Boost)  
  25  9:06  Probe (Chrono Boost)  
  26  9:12  Probe (Chrono Boost)  
  27  9:20  Probe  
  28  9:32  Probe  
  29  9:44  Probe  
  30  9:57  Probe  
  25  10:47  Void Ray  
  29  11:09  Pylon  
  29  11:30  Photon Cannon  
  37  11:39  Pylon  
  37  11:43  Pylon  
Show
View Real Time Build Order
Export as new Build Order

cloudlar Terran 

Build Orders: Gas First Reaper Expand 

Get SALT Encoding   

  12  0:02  SCV  
  13  0:18  SCV, Supply Depot  
  14  0:27  Refinery  
  14  0:30  SCV  
  15  0:42  Barracks  
  15  1:14  SCV  
  15  1:17  Barracks  
  16  1:26  SCV  
  16  1:30  Reaper  
  18  1:35  Supply Depot  
  18  1:38  SCV  
  19  1:48  Barracks  
  19  1:51  SCV  
  20  2:03  SCV  
  20  2:08  Reaper x2  
  23  2:15  SCV  
  24  2:40  Reaper  
  25  3:28  Reaper x2  
  26  4:49  Reaper x3  
  29  5:21  Reaper x2  
  5  6:11  Marine x3  
  5  6:17  Command Center  
  5  6:28  Marine  
  5  6:29  Marine x2  
  8  6:46  Marine x3  
  11  7:04  Marine x3  
  13  7:22  Marine x3  
  13  7:36  SCV  
  14  7:40  Marine x3  
  17  7:48  SCV  
  18  7:57  Marine  
  18  7:58  Marine x2  
  21  8:01  SCV  
  22  8:13  SCV  
  22  8:15  Marine x2  
  22  8:16  Marine  
  26  8:25  SCV  
  27  8:43  Marine x3  
  31  9:09  Supply Depot  
  31  9:12  SCV  
  31  9:13  Barracks Reactor  
  31  9:30  SCV  
  32  9:32  Supply Depot  
  32  9:35  Marine x2  
  34  9:49  SCV  
  34  9:53  Marine x2  
  33  10:01  SCV  
  34  10:10  Marine  
  34  10:11  Marine  
  34  10:13  SCV  
  24  10:25  SCV  
  26  10:37  SCV  
  26  10:39  Reaper x3  
  17  11:00  Reaper  
Show
View Real Time Build Order
Export as new Build Order

Sandude Terran 

Build Orders:  

Get SALT Encoding   

  12  0:01  SCV  
  13  0:17  Supply Depot  
  13  0:19  SCV  
  14  0:34  SCV  
  15  0:46  SCV  
  16  1:00  Barracks  
  16  1:02  SCV, Refinery  
  17  1:14  Barracks  
  17  1:15  SCV  
  17  1:17  Barracks  
  18  1:27  SCV  
  19  1:39  SCV  
  20  1:53  Orbital Command  
  20  2:10  Supply Depot, Barracks Reactor  
  20  2:11  Supply Depot  
  20  2:14  Marine  
  21  2:22  Marine  
  22  2:24  SCV  
  23  2:31  Marine  
  23  2:32  Supply Depot  
  24  2:37  SCV  
  24  2:39  Marine  
  26  2:47  Marine x2  
  26  2:49  SCV, Marine  
  30  2:56  Supply Depot  
  30  2:57  Marine  
  31  3:02  SCV  
  31  3:05  Marine x2  
  34  3:12  Marine  
  35  3:15  Marine  
  35  3:23  Marine x2  
  37  3:29  Marine  
  37  3:31  SCV  
  37  3:33  Marine  
  40  3:40  Marine  
  40  3:41  Marine  
  42  3:43  SCV  
  42  3:47  Marine  
  44  3:51  Marine  
  44  3:55  SCV  
  46  3:58  Marine x2  
  48  4:05  Marine  
  48  4:07  SCV  
  48  4:09  Marine  
  50  4:16  Marine x2  
  52  4:19  SCV  
  52  4:23  Marine  
  51  4:26  Marine  
  50  4:31  SCV  
  50  4:34  Marine x2  
  51  4:41  Marine  
  51  4:44  Marine  
  53  4:51  SCV  
  53  4:52  Marine  
  55  5:10  Supply Depot  
  55  5:12  Supply Depot  
  55  5:19  Marine  
  55  5:30  SCV  
  55  5:31  Marine  
  55  5:34  Marine  
  55  5:38  Marine  
  55  5:39  Marine  
  55  5:45  SCV  
  55  6:01  Marine  
  55  6:09  Marine  
  55  6:23  Marine x2  
  55  6:25  SCV, Marine  
  55  6:31  Marine  
  55  6:38  SCV  
  49  6:41  Marine x2  
  49  6:43  Marine  
  48  6:49  Marine  
  48  6:50  SCV  
  50  6:59  Marine x2  
  50  7:01  Marine  
  53  7:02  SCV  
  53  7:05  Engineering Bay  
  53  7:06  Command Center  
  53  7:07  Engineering Bay, Marine  
  54  7:14  SCV  
  55  7:17  Command Center, Marine x2  
  55  7:18  Marine  
  55  7:19  Supply Depot  
  58  7:24  Marine  
  58  7:26  SCV  
  60  7:35  Marine x2  
  60  7:36  Marine  
  60  7:38  SCV  
  60  7:42  Supply Depot, Marine  
  52  7:50  SCV  
  51  7:53  Marine x2  
  51  7:54  Marine  
  54  8:00  Marine  
  54  8:02  Terran Infantry Weapons Level 1, SCV  
  54  8:03  Terran Infantry Armor Level 1  
  56  8:06  Supply Depot  
  56  8:07  Factory  
  56  8:11  Marine x2  
  56  8:12  Marine  
  59  8:14  SCV  
  59  8:18  Marine  
  61  8:26  SCV, Orbital Command  
  62  8:29  Supply Depot, Marine x2  
  62  8:30  Marine  
  65  8:36  Marine  
  66  8:45  SCV x2  
  66  8:47  Marine x3  
  70  8:52  Supply Depot  
  70  8:54  Marine  
  70  8:57  SCV x2  
  72  9:04  Marine x2  
  72  9:05  SCV, Marine  
  72  9:09  SCV  
  78  9:10  SCV  
  78  9:11  Marine  
  78  9:15  Starport  
  80  9:17  SCV  
  80  9:22  Marine x2  
  80  9:23  Marine  
  83  9:29  SCV x2, Marine  
  83  9:30  SCV  
  87  9:40  Marine x2  
  87  9:41  SCV x2  
  87  9:42  SCV  
  93  9:46  Barracks Tech Lab  
  93  9:47  Marine  
  93  9:53  SCV  
  93  9:58  Marine x2  
  95  10:05  Marine  
  90  10:08  Marine  
  87  10:16  Marine x2  
  83  10:23  Marine  
  83  10:26  Marine  
  77  10:33  Marine x2  
  75  10:40  Marine  
  66  10:44  Marine  
  62  10:51  SCV x3, Marine x2  
  67  10:58  Starport Reactor, Marine  
  67  11:01  Marine  
  67  11:03  SCV x3  
  72  11:05  Armory  
  72  11:09  Marine x2  
  74  11:15  SCV x2  
  74  11:16  SCV, Marine  
  78  11:19  Marine  
  79  11:27  SCV, Marine x2  
Show
View Real Time Build Order
Export as new Build Order

GAGARIN Terran 

Build Orders:  

Get SALT Encoding   

  12  0:02  SCV  
  13  0:18  Supply Depot  
  13  0:19  SCV  
  14  0:33  SCV  
  15  0:38  Refinery  
  15  0:45  Barracks  
  15  0:49  SCV  
  16  1:01  SCV  
  17  1:11  Barracks  
  17  1:13  SCV  
  18  1:21  Supply Depot  
  18  1:28  SCV  
  19  1:34  Barracks Tech Lab  
  19  1:40  SCV  
  20  1:54  Orbital Command  
  20  1:59  Barracks Tech Lab, Marauder  
  22  2:01  Concussive Shells  
  22  2:08  Refinery  
  21  2:35  Marauder x2  
  25  2:43  SCV  
  26  3:01  Marauder  
  26  3:05  Command Center  
  28  3:22  Marauder  
  30  3:35  Marauder  
  30  3:39  Supply Depot  
  32  3:42  Supply Depot  
  32  3:43  Marauder  
  32  3:46  Engineering Bay  
  34  4:03  Marauder  
  34  4:04  Marauder  
  38  4:24  Marauder  
  38  4:26  Marauder  
  42  4:33  Factory, Missile Turret  
  40  4:46  Marauder  
  40  4:52  Marauder  
  40  5:04  Planetary Fortress  
  40  5:07  Marauder  
  40  5:14  Marauder  
  39  5:18  SCV  
  39  5:28  Marauder  
  39  5:30  SCV  
  39  5:35  Marauder  
  32  5:54  Marauder  
  32  5:55  Factory Tech Lab  
  32  5:56  Marauder  
  34  5:57  Terran Infantry Weapons Level 1  
  34  5:58  SCV  
  35  6:07  Refinery  
  35  6:10  SCV  
  35  6:11  Refinery  
  36  6:17  Marauder  
  36  6:18  Marauder  
  38  6:23  SCV  
  39  6:35  SCV  
  40  6:47  SCV  
  40  6:53  Marauder x2  
  45  6:58  Stimpack  
  45  7:00  Cyclone  
  48  7:01  Mag-Field Accelerator  
  44  7:08  Starport  
  44  7:14  Marauder x2  
  30  7:36  Marauder  
  32  7:37  SCV  
  32  7:39  Barracks  
  32  7:43  Barracks  
  33  7:50  SCV  
  34  7:54  SCV  
  35  8:02  SCV  
  39  8:05  Cyclone  
  39  8:06  Starport Reactor  
  39  8:07  SCV  
  39  8:09  Command Center, Marine x2  
  42  8:13  Terran Infantry Armor Level 1  
  42  8:14  SCV  
  42  8:19  SCV  
  44  8:20  Missile Turret  
  44  8:26  SCV  
  44  8:27  Marine  
  45  8:31  SCV  
  47  8:38  SCV  
  48  8:48  Medivac x2  
  52  8:49  Barracks Reactor  
  52  8:50  SCV, Barracks Reactor  
  52  8:52  Marauder x2  
  52  8:54  Cyclone  
  60  9:01  Armory  
  60  9:02  SCV  
  61  9:14  SCV  
  62  9:20  Medivac x2  
  66  9:25  Marine x3  
  66  9:26  SCV  
  66  9:27  Marine x2  
  66  9:28  Marine  
  73  9:35  Cyclone  
  76  9:38  SCV  
  76  9:43  Marine x2  
  79  9:47  Marine x3  
  79  9:48  Marine  
  79  9:50  Medivac  
  85  9:54  Medivac  
  79  10:01  Marauder x2  
  79  10:05  Marine  
  79  10:06  Marine  
  85  10:15  Marine  
  85  10:16  Marine  
  85  10:18  Cyclone  
  82  10:22  Marauder  
  82  10:23  Marauder  
  82  10:26  Marine  
  82  10:27  Supply Depot, Marine  
  82  10:28  Supply Depot  
  84  10:30  Viking x2  
  84  10:33  Marine  
  84  10:34  Marine  
  88  10:43  Marine  
  89  10:50  Cyclone  
  89  10:58  Marine x3  
  89  10:59  Marine x2  
  89  11:01  Viking, Medivac, Marine  
  98  11:16  Marine  
Show
View Real Time Build Order
Export as new Build Order

zeiZe Protoss 

Build Orders:  

Get SALT Encoding   

  12  0:00  Probe  
  13  0:13  Probe  
  14  0:38  Pylon  
  14  0:39  Probe  
  15  0:46  Pylon  
  15  0:47  Assimilator  
  15  0:52  Assimilator  
  15  0:56  Probe (Chrono Boost)  
  16  1:07  Probe (Chrono Boost)  
  17  1:11  Probe (Chrono Boost)  
  17  1:16  Forge  
  18  1:22  Probe (Chrono Boost)  
  19  1:29  Pylon  
  19  1:30  Probe (Chrono Boost)  
  20  1:41  Gateway  
  20  1:45  Probe  
  21  1:55  Photon Cannon  
  21  1:59  Probe  
  22  2:28  Cybernetics Core  
  22  2:39  Nexus  
  22  2:51  Probe (Chrono Boost)  
  22  3:02  Probe (Chrono Boost)  
  23  3:09  Pylon  
Show
View Real Time Build Order
Export as new Build Order

CoSysopK Terran 

Build Orders:  

Get SALT Encoding   

    3:09  SCV  
  1  3:21  SCV  
  2  3:33  SCV  
  3  3:45  SCV  
  4  3:57  SCV  
  5  4:09  SCV  
  6  4:21  SCV  
  7  4:33  SCV  
  8  4:45  SCV  
  9  5:27  Supply Depot  
  9  6:14  SCV  
  9  6:15  Barracks  
  9  6:17  Refinery  
  10  6:26  SCV  
  11  7:48  Engineering Bay, Refinery  
  11  7:49  SCV  
  12  8:01  SCV  
  13  8:13  SCV  
  14  8:25  SCV  
  15  8:37  SCV  
  16  8:42  Missile Turret x2  
  16  8:43  Missile Turret  
  16  8:50  SCV  
  17  9:02  SCV  
  18  9:03  Missile Turret  
Tags
 
Add a new tag
Caveats
  • Supply blocks, unpowered buildings, or Contaminate may cause inaccurate times.
  • Supply counts are checked every 10 seconds.